 Dungeon Crawl Stone Soup version 0.25-a0-302-g9f758675c1 (webtiles) character file.

Game seed: 3889287719763857275, levelgen mode: deterministic

5180 mopl the Spear-Bearer (level 10, -9/77 HPs)
             Began as a Merfolk Monk on Dec 20, 2019.
             Was a Priest of Fedhas.
             Killed from afar by a manticore (12 damage)
             ... with a volley of spikes
             ... on level 9 of the Dungeon.
             The game lasted 00:17:12 (10101 turns).

mopl the Spear-Bearer (Merfolk Monk)               Turns: 10101, Time: 00:17:14

Health: -9/77      AC: 10    Str: 20    XL:     10   Next: 60%
Magic:  14/14      EV: 16    Int: 12    God:    Fedhas [***...]
Gold:   218        SH:  0    Dex: 17    Spells: 9/9 levels left

rFire    . . .     SeeInvis .   a - +3 halberd (freeze)
rCold    . . .     Gourm    .   (shield currently unavailable)
rNeg     . . .     Faith    .   q - +0 ring mail
rPois    .         Spirit   .   r - +0 helmet
rElec    .         Reflect  .   k - +0 cloak
rCorr    .         Harm     .   (no gloves)
MR       .....                  (no boots)
Stlth    ++........             (no amulet)
HPRegen  0.22/turn              D - +3 ring of intelligence
MPRegen  0.14/turn              I - +2 ring of protection

@: mighty, barbed spikes
A: change form in water, swift swim, stealthy swim
a: Wall of Briars, Grow Ballistomycete, Renounce Religion


You were on level 9 of the Dungeon.
You worshipped Fedhas.
Fedhas was most pleased with you.
You were not hungry.

You visited 2 branches of the dungeon, and saw 10 of its levels.

You collected 426 gold pieces.
You spent 208 gold pieces at shops.

Inventory:

Hand Weapons
 a - a +3 halberd of freezing (weapon)
 b - a +0 spear
 F - a +0 glaive
Missiles
 l - 22 poisoned darts (quivered)
 m - 6 boomerangs
Armour
 k - a +0 cloak (worn)
 q - a +0 ring mail (worn)
 r - a +0 helmet (worn)
 y - a +2 chain mail of cold resistance
Jewellery
 n - an uncursed ring of fire
 D - a +3 ring of intelligence (left hand)
 I - a +2 ring of protection (right hand)
Scrolls
 d - 4 scrolls of blinking {unknown}
 f - 3 scrolls of magic mapping
 o - 4 scrolls of remove curse
 s - 4 scrolls of teleportation {unknown}
 u - 2 scrolls of immolation {unknown}
 v - 5 scrolls of enchant weapon {unknown}
 w - a scroll of amnesia {unknown}
 z - a scroll of random uselessness {unknown}
 C - 4 scrolls of fear {unknown}
 E - a scroll of enchant armour {unknown}
 H - a scroll of holy word {unknown}
 J - a scroll of brand weapon {unknown}
Potions
 e - a potion of invisibility
 g - 3 potions of flight
 h - a potion of cancellation
 i - 4 potions of agility
 j - 3 potions of might
 p - a potion of berserk rage {!q}
 t - 2 potions of brilliance
 x - 3 potions of curing
 A - 4 potions of haste {unknown}
 B - a potion of magic
 K - a potion of heal wounds {unknown}
Comestibles
 c - 15 rations
 G - 3 chunks of flesh


   Skills:
 + Level 6.7 Fighting
 + Level 13.9 Polearms
 + Level 5.1 Throwing
 + Level 3.8 Armour
 + Level 8.0 Dodging
 - Level 2.1 Stealth
 + Level 5.4 Invocations


You had 9 spell levels left.
You didn't know any spells.
Your spell library was empty.

Dungeon Overview and Level Annotations

Branches:
Dungeon (9/15)             Temple (1/1) D:5
   Lair: D:8-11         Orc: D:9-12

Altars:
Ashenzari
Cheibriados
Dithmenos
Elyvilon
Fedhas
Gozag
Hepliaklqana
Makhleb
Nemelex Xobeh
Okawaru
Qazlal
Ru
Trog
Uskayaw
Vehumet
Wu Jian
Xom
Zin

Shops:
D:4 (*

Annotations:
D:2 Sigmund
D:7 3 runed translucent doors


Message History

Attack whom?
Press: ? - help, Dir - move target cursor, f/p - manticore
Aim: a manticore (moderately wounded, extremely poisoned)
You reach to attack!
You slash the manticore! You freeze the manticore.
The manticore is moderately wounded.
The manticore flicks its tail.
The volley of spikes hits you!!
The barbed spikes become lodged in your body.
* * * LOW HITPOINT WARNING * * *
Attack whom?
Press: ? - help, Dir - move target cursor, f/p - manticore
Aim: a manticore (heavily wounded, extremely poisoned)
Okay, then.
It was a potion of might.
You feel very mighty all of a sudden.
The manticore flicks its tail.
The volley of spikes hits you!
The barbed spikes become lodged in your body.
You die...
Fedhas appreciates your contribution to the ecosystem.

######################
......................
...................#
...................#
......))........@.H##
...##.....#...###..(((..
...##.....#.......######
...##........######
.......####'##
.......#..........#
.#######..........# †#
#.........## .#
#######...#


You could see a manticore.

Vanquished Creatures
  Pikel (D:6)
  Joseph (D:7)
  Grinder (D:3)
  2 hippogriffs
  4 hogs
  A human (D:8)
  A wyvern (D:7)
  2 slaves (D:6)
  2 sky beasts
  An ice beast (D:7)
  A black bear (D:6)
  3 ogres
  2 orc warriors
  A phantom (D:7)
  2 centaurs
  2 big kobolds
  4 bullfrogs
  A water moccasin zombie (D:4)
  5 scorpions
  A killer bee (D:8)
  5 wights
  2 howler monkeys
  3 crimson imps
  3 hounds
  A jelly (D:8)
  3 orc wizards
  3 orc priests
  A bullfrog skeleton (D:7)
  A centaur skeleton (D:6)
  Crazy Yiuf (D:6)
  An iguana (D:4)
  8 worker ants
  A howler monkey zombie (D:6)
  A worker ant zombie (D:5)
  15 adders
  A shadow imp (D:5)
  An adder zombie (D:6)
  2 adder skeletons (D:4)
  3 worms
  2 dart slugs
  6 leopard geckos
  17 orcs
  2 giant cockroaches
  6 goblins
  10 hobgoblins
  14 jackals
  10 kobolds
  7 quokkas
  4 ball pythons
  A ball python skeleton (D:5)
  4 bats
  4 frilled lizards
  6 rats
187 creatures vanquished.

Vanquished Creatures (others)
  An adder (D:8)
1 creature vanquished.

Grand Total: 188 creatures vanquished

Notes
Turn   | Place    | Note
-------+----------+-------------------------------------------
     0 | D:1      | mopl the Merfolk Monk began the quest for the Orb.
     0 | D:1      | Reached XP level 1. HP: 18/18 MP: 1/1
    60 | D:1      | Reached skill level 5 in Polearms
    80 | D:1      | Reached XP level 2. HP: 24/24 MP: 2/2
   940 | D:2      | Reached skill level 6 in Polearms
   940 | D:2      | Reached XP level 3. HP: 29/29 MP: 3/3
  1209 | D:2      | Reached skill level 7 in Polearms
  1209 | D:2      | Reached XP level 4. HP: 26/35 MP: 4/4
  1402 | D:2      | Noticed Sigmund
  2083 | D:3      | Reached skill level 8 in Polearms
  2178 | D:3      | Reached XP level 5. HP: 35/41 MP: 5/5
  2431 | D:3      | Noticed Grinder
  2435 | D:3      | Paralysed by Grinder for 4 turns
  2439 | D:3      | Killed Grinder
  2439 | D:3      | Reached skill level 10 in Polearms
  2439 | D:3      | Reached XP level 6. HP: 41/47 MP: 6/6
  2658 | D:3      | Found an ornate altar of the Wu Jian Council.
  2729 | D:4      | Found Sefrig Buzae's Assorted Antiques.
  2736 | D:4      | Bought a scroll labeled WENLUS FUOL for 32 gold pieces
  2736 | D:4      | Bought a scroll labeled WENLUS FUOL for 32 gold pieces
  2736 | D:4      | Bought a scroll labeled RAIKEL ODIE for 32 gold pieces
  2736 | D:4      | Bought a smoky grey potion for 28 gold pieces
  3061 | D:4      | Reached XP level 7. HP: 33/52 MP: 7/7
  3290 | D:4      | Reached skill level 11 in Polearms
  3525 | D:4      | Found Cinkuenn's Antique Weapon Shop.
  3915 | D:5      | Entered Level 5 of the Dungeon
  3916 | D:5      | Found a shadowy altar of Dithmenos.
  4145 | D:5      | Reached skill level 12 in Polearms
  4733 | D:5      | Reached skill level 1 in Throwing
  4733 | D:5      | Reached XP level 8. HP: 40/59 MP: 8/8
  5018 | D:5      | Found a staircase to the Ecumenical Temple.
  5067 | Temple   | Entered the Ecumenical Temple
  5210 | Temple   | Became a worshipper of Fedhas Madash
  5210 | Temple   | Reached * piety under Fedhas
  5210 | Temple   | Reached ** piety under Fedhas
  5692 | D:4      | Bought a sapphire potion for 28 gold pieces
  5692 | D:4      | Bought a blue potion for 28 gold pieces
  5692 | D:4      | Bought a silvery potion for 28 gold pieces
  5826 | D:6      | Reached skill level 1 in Armour
  5965 | D:6      | Reached skill level 1 in Invocations
  6065 | D:6      | Reached skill level 4 in Fighting
  6076 | D:6      | Found a runed translucent door.
  6077 | D:6      | Noticed Crazy Yiuf
  6564 | D:6      | Paralysed by a wight for 5 turns
  6580 | D:6      | Paralysed by a wight for 4 turns
  6594 | D:6      | Reached skill level 2 in Throwing
  6594 | D:6      | Reached skill level 5 in Dodging
  6863 | D:6      | Reached skill level 2 in Invocations
  7062 | D:6      | Noticed Pikel
  7119 | D:6      | Killed Pikel
  7119 | D:6      | Reached skill level 5 in Fighting
  7119 | D:6      | Reached skill level 3 in Throwing
  7119 | D:6      | Reached skill level 2 in Armour
  7119 | D:6      | Reached skill level 6 in Dodging
  7119 | D:6      | Reached skill level 3 in Invocations
  7119 | D:6      | Reached XP level 9. HP: 55/68 MP: 9/11
  7260 | D:6      | Reached skill level 13 in Polearms
  7336 | D:6      | Killed Crazy Yiuf
  7667 | D:7      | Noticed Joseph
  7689 | D:7      | Killed Joseph
  7689 | D:7      | Reached skill level 4 in Invocations
  7804 | D:7      | Reached skill level 4 in Throwing
  7804 | D:7      | Reached skill level 3 in Armour
  7838 | D:7      | Found a runed translucent door.
  7838 | D:7      | Noticed a cyclops
  7838 | D:7      | Noticed a deep elf mage
  7839 | D:7      | Found a runed translucent door.
  7839 | D:7      | Noticed a manticore
  7840 | D:7      | Found a runed translucent door.
  8102 | D:8      | Reached skill level 7 in Dodging
  8183 | D:7      | Reached *** piety under Fedhas
  8475 | D:7      | Reached skill level 6 in Fighting
  8475 | D:7      | Reached XP level 10. HP: 7/76 MP: 13/13
  9398 | D:8      | Reached skill level 5 in Invocations
  9663 | D:8      | Reached skill level 5 in Throwing
  9879 | D:9      | Reached skill level 8 in Dodging
 10087 | D:9      | Noticed a manticore
 10100 | D:9      | HP: 3/77 [manticore/volley of spikes (22)]
 10101 | D:9      | Killed from afar by a manticore

Levels and vault maps discovered:
D:1:      arrival_zaba_pyramid, layout_basic, minmay_misc_feat_alley
D:2:      layout_rooms, uniq_sigmund
D:3:      layout_basic, lemuel_round_altar, first_ration, uniq_grinder
D:4:      layout_loops_ring, serial_shops, shop, shop
D:5:      layout_rooms, temple_green, basic_altar
D:6:      layout_basic, uniq_pikel, uniq_crazy_yiuf_cottage
D:7:      minmay_the_grid_triangle_9x9_rhombus_full
          [minmay_the_grid_triangle_9x9_fully_insulated_deathbox,
          minmay_the_grid_triangle_9x9_corrupted_corridor,
          minmay_the_grid_triangle_9x9_skeleton,
          minmay_the_grid_triangle_9x9_warning,
          minmay_the_grid_triangle_9x9_alien,
          minmay_the_grid_triangle_9x9_longest,
          minmay_the_grid_triangle_9x9_descending_squares,
          minmay_the_grid_triangle_9x9_prize_special], layout_loops_ring,
          uniq_joseph
D:8:      minmay_evil_eye, layout_cave_pools, grunt_livestock,
          chequers_arboretum
D:9:      layout_stronghold
Temple:   roderic_octagonal_lattice_temple

Skill      XL: |  1  2  3  4  5  6  7  8  9 10 |
---------------+-------------------------------+-----
Polearms       | 5 6 7 8 10 12 13 | 13.9
Throwing       | 1 3 4 5 |  5.1
Armour         | 2 3 |  3.8
Invocations    | 3 4 5 |  5.4
Fighting       | 5 6 |  6.7
Dodging        | 6 7 8 |  8.0
Stealth        | |  2.1

Action                   |  1- 3 |  4- 6 |  7- 9 | 10-12 || total
-------------------------+-------+-------+-------+-------++-------
Melee: Spear             |    81 |   220 |   485 |    20 ||   806
       Halberd           |       |       |   116 |   112 ||   228
Throw: Dart              |       |       |     7 |    17 ||    24
       Throwing net      |       |       |     1 |       ||     1
Invok: Wall of Briars    |       |       |     1 |       ||     1
Evoke: Wand              |       |     5 |     5 |       ||    10
  Use: Scroll            |       |       |    11 |       ||    11
       Potion            |       |       |     1 |     1 ||     2
 Stab: Sleeping          |    13 |     6 |     8 |     2 ||    29
       Paralysed         |       |       |     4 |       ||     4
       Held in net/web   |       |       |     1 |       ||     1
  Eat: Chunk             |     1 |     5 |    15 |     2 ||    23
       Ration            |       |       |     1 |     1 ||     2
Armor: Robe              |    10 |     3 |       |       ||    13
       Ring mail         |       |    28 |    65 |    27 ||   120
Dodge: Dodged            |    57 |    64 |   174 |    84 ||   379

Table legend:
 A = Non-vault XP
 B = Vault XP
 C = Vault XP percentage of total XP
 D = Non-vault monster count
 E = Vault monster count
 F = Vault count percentage of total count
                 A         B        C        D         E       F
            +---------+---------+-------+---------+---------+-------
      Total |    4557 |    2843 |  38.4 |     168 |      17 |   9.2
            +---------+---------+-------+---------+---------+-------
        D:1 |      46 |       0 |   0.0 |      20 |       0 |   0.0
        D:2 |     107 |       0 |   0.0 |      21 |       0 |   0.0
        D:3 |      61 |     290 |  82.6 |      21 |       1 |   4.5
        D:4 |     289 |       0 |   0.0 |      15 |       0 |   0.0
        D:5 |     509 |       0 |   0.0 |      16 |       0 |   0.0
        D:6 |    1062 |     666 |  38.5 |      24 |       2 |   7.7
        D:7 |     998 |     980 |  49.5 |      21 |       6 |  22.2
        D:8 |    1029 |     907 |  46.8 |      19 |       8 |  29.6
        D:9 |     456 |       0 |   0.0 |      11 |       0 |   0.0
            +---------+---------+-------+---------+---------+-------
